[Event "Titled Tuesday Blitz May 16 Early 2023"]
[White "Harsh Suresh"]
[Black "Mayaud, Raphael"]
[WhiteFideId "45018464"]
[BlackFideId "627151"]
[WhiteElo "2209"]
[BlackElo "2191"]
[Result "1-0"]
[Round "01"]
[TimeControl "180+2"]
[Date "2023.05.16"]
[WhiteClock "0:00:05"]
[BlackClock "0:00:00"]

1. e4 d5 2. exd5 Qxd5 3. Nf3 Bg4 4. Be2 Nc6 5. d4 O-O-O 6. Be3 e5 7. c4 Qa5+ 8. Bd2 Qa6 9. c5 b5 10. d5 Rxd5 11. Nc3 Rxc5 12. Be3 Bxf3 13. gxf3 Nd4 14. Bxd4 exd4 15. Qxd4 Qf6 16. Qxf6 Nxf6 17. Nxb5 Rc2 18. Rb1 a6 19. Nd4 Rc5 20. Bxa6+ Kb8 21. O-O Bd6 22. Ne2 Ka7 23. Bd3 Rd8 24. Rfd1 g6 25. Ng3 Rb8 26. b3 Rb4 27. Bc4 h5 28. Ne4 Nxe4 29. fxe4 Rg5+ 30. Kh1 f6 31. Rg1 Rxg1+ 32. Rxg1 g5 33. Rd1 h4 34. Kg2 Rb8 35. h3 Kb6 36. Rd5 Ra8 37. a4 Re8 38. Kf3 Re5 39. Rd2 Re7 40. Bd5 c6 41. Bc4 Bb4 42. Rd8 Kc5 43. Ra8 Kd4 44. Rd8+ Kc3 45. Rd3+ Kb2 46. Rd8 c5 47. Ra8 1-0


[Site "https://www.chess.com"]

[Event "Titled Tuesday Blitz May 16 Early 2023"]
[White "Kielinkei"]
[Black "Ilamparthi A R"]
[BlackFideId "45015775"]
[WhiteElo "2449"]
[BlackElo "2348"]
[Result "0-1"]
[Round "01"]
[TimeControl "180+2"]
[Date "2023.05.16"]
[WhiteClock "0:00:06"]
[BlackClock "0:00:08"]

1. e4 c5 2. Nf3 e6 3. d4 cxd4 4. Nxd4 Nf6 5. Nc3 Nc6 6. Nxc6 bxc6 7. Bd3 d5 8. O-O Be7 9. b3 O-O 10. Bb2 a5 11. Qe2 Rb8 12. Rad1 Nd7 13. exd5 cxd5 14. Rfe1 Bf6 15. Na4 Bxb2 16. Nxb2 Nc5 17. Qe3 Qc7 18. Bf1 Bb7 19. c4 Rfd8 20. cxd5 exd5 21. Rc1 d4 22. Qe7 Qxe7 23. Rxe7 Ne6 24. Bb5 Kf8 25. Rd7 Rxd7 26. Bxd7 Nf4 27. Rd1 Bxg2 28. Nd3 Bf3 29. Rd2 Rd8 30. Bb5 Ne2+ 31. Kf1 Nc3 32. Bc4 Ne4 33. Rc2 f6 34. Nf4 Rc8 35. Ne6+ Ke7 36. Nxd4 Bh5 37. Nf5+ Kf8 38. Nd4 a4 39. Ne6+ Ke7 40. Nf4 Bf3 41. Nd5+ Kf8 42. Nb6 Rd8 43. Nd5 axb3 44. axb3 Nd6 45. Ke1 Nxc4 46. bxc4 Bxd5 47. cxd5 Rxd5 48. Kf1 Kf7 49. Kg2 Kg6 50. Rc4 h5 51. Ra4 Rg5+ 52. Kf3 Rf5+ 53. Kg2 Kg5 54. Rb4 Rf4 55. Rb5+ Rf5 56. Rb4 g6 57. Ra4 Rd5 58. Rb4 f5 59. Ra4 Rd2 60. Rb4 f4 61. h3 Ra2 62. Rc4 Ra5 63. Rb4 Ra3 64. Rc4 Kf5 65. Rc5+ Ke4 66. Rc6 g5 67. Re6+ Kf5 68. Rh6 g4 69. Rxh5+ Ke4 70. hxg4 Ra1 71. Rh1 f3+ 72. Kh2 Rxh1+ 73. Kxh1 Kf4 74. g5 Kxg5 75. Kg1 Kf4 76. Kh1 Ke4 77. Kh2 Kd3 78. Kh3 Kd2 79. Kh4 Ke1 80. Kg3 Ke2 81. Kh2 Kxf2 82. Kh1 Ke2 83. Kh2 f2 84. Kh1 f1=Q+ 85. Kh2 Qf3 86. Kg1 Qg4+ 87. Kh2 Kf2 88. Kh1 Qh5# 0-1


[Site "https://www.chess.com"]

[Event "Titled Tuesday Blitz May 16 Early 2023"]
[White "Schmakel, Sam"]
[Black "Yeritsyan, Hayk"]
[WhiteFideId "2039311"]
[BlackFideId "13307320"]
[WhiteElo "2356"]
[BlackElo "2448"]
[Result "1-0"]
[Round "01"]
[TimeControl "180+2"]
[Date "2023.05.16"]
[WhiteClock "0:00:16"]
[BlackClock "0:00:11"]

1. d4 Nf6 2. c4 g6 3. Nc3 Bg7 4. e4 O-O 5. h3 d6 6. Be3 c5 7. d5 e6 8. Nf3 exd5 9. exd5 Re8 10. Bd3 Nbd7 11. O-O Rxe3 12. fxe3 a6 13. e4 Nh5 14. Qd2 Qe7 15. g4 Ng3 16. Rf2 Ne5 17. Kg2 Nxf3 18. Rxf3 Bxc3 19. Qxc3 Nxe4 20. Bxe4 Qxe4 21. Re1 Qd4 22. Re8+ Kg7 23. Qxd4+ cxd4 24. Re7 d3 25. Rfxf7+ Kg8 26. Rg7+ Kf8 27. Ref7+ Ke8 28. Rxh7 d2 29. Rf1 b5 30. Rd1 bxc4 31. Rxd2 Rb8 32. Kg3 Rb4 33. Rf2 Bb7 34. Rff7 Bxd5 35. Ra7 Kf8 36. Rh8+ Bg8 37. Ra8+ Kf7 38. Rhxg8 Rxb2 39. Rgc8 d5 40. Rxa6 Rb7 41. Rd6 Rb5 42. Rcd8 c3 43. Rc8 Ke7 44. Rxg6 d4 45. Rc7+ Kd8 46. Ra7 Re5 47. Rg8+ Re8 48. Ra8+ Kd7 49. Rgxe8 c2 50. Rad8+ Kc6 51. Rc8+ Kd7 52. Rxc2 Kxe8 53. Rd2 1-0


[Site "https://www.chess.com"]

[Event "Titled Tuesday Blitz May 16 Early 2023"]
[White "Czerw, Dawid"]
[Black "Tanenbaum, Zachary"]
[WhiteFideId "1145746"]
[BlackFideId "2060850"]
[WhiteElo "2144"]
[BlackElo "2175"]
[Result "1-0"]
[Round "01"]
[TimeControl "180+2"]
[Date "2023.05.16"]
[WhiteClock "0:01:11"]
[BlackClock "0:00:32"]

1. e4 e5 2. Nf3 Nc6 3. Bb5 a6 4. Ba4 d6 5. d4 b5 6. Bb3 Nxd4 7. Nxd4 exd4 8. c3 Bb7 9. O-O dxc3 10. Nxc3 Nf6 11. f4 Be7 12. e5 dxe5 13. fxe5 Qxd1 14. Nxd1 Bc5+ 15. Be3 Nd7 16. Bxf7+ Ke7 17. e6 Bxe3+ 18. Nxe3 Ne5 19. Nf5+ Kf8 20. Rae1 Nxf7 21. Nd4 Bd5 22. Rxf7+ Kg8 23. Nf5 Bxe6 24. Rxg7+ Kf8 25. Rxe6 Rd8 26. Rf6+ 1-0


[Site "https://www.chess.com"]

[Event "Titled Tuesday Blitz May 16 Early 2023"]
[White "Santos Ruiz, Miguel"]
[Black "Davtyan, David Arm."]
[WhiteFideId "22291482"]
[BlackFideId "13310046"]
[WhiteElo "2499"]
[BlackElo "2274"]
[Result "1-0"]
[Round "01"]
[TimeControl "180+2"]
[Date "2023.05.16"]
[WhiteClock "0:00:58"]
[BlackClock "0:00:10"]

1. e4 c5 2. Nf3 Nc6 3. d4 cxd4 4. Nxd4 Nf6 5. Nc3 e6 6. a3 a6 7. Nxc6 bxc6 8. e5 Nd5 9. Ne4 Qc7 10. Qh5 a5 11. c4 Nb6 12. Bf4 Ba6 13. Rc1 Nc8 14. Be2 Rb8 15. Rc2 c5 16. O-O Bb7 17. Bf3 Be7 18. Rd1 Bxe4 19. Bxe4 g6 20. Qf3 d6 21. Rcd2 dxe5 22. Rd7 Qxd7 23. Bc6 Nb6 24. Bxe5 Qxc6 25. Qxc6+ Kf8 26. Bxb8 1-0


[Site "https://www.chess.com"]

[Event "Titled Tuesday Blitz May 16 Early 2023"]
[White "Devaev, Alexander"]
[Black "Bryakin, Mikhail"]
[WhiteFideId "4169395"]
[BlackFideId "4165314"]
[WhiteElo "2172"]
[BlackElo "2467"]
[Result "0-1"]
[Round "01"]
[TimeControl "180+2"]
[Date "2023.05.16"]
[WhiteClock "0:00:00"]
[BlackClock "0:00:04"]

1. d4 f5 2. Nf3 Nf6 3. Bg5 g6 4. Nbd2 Bg7 5. Bxf6 exf6 6. e4 fxe4 7. Nxe4 d5 8. Ng3 O-O 9. Be2 Qd6 10. O-O c6 11. c3 Be6 12. Re1 Nd7 13. Bd3 Rae8 14. Qb3 b6 15. Rad1 Bg4 16. Rxe8 Rxe8 17. Re1 Rxe1+ 18. Nxe1 Be6 19. Qa4 a5 20. Qb3 c5 21. Bb5 cxd4 22. cxd4 f5 23. Nf3 Nf6 24. Ne5 Ne4 25. f4 Bf6 26. Ne2 Kg7 27. a3 g5 28. g3 h6 29. Qc2 Be7 30. Qc6 Qxc6 31. Nxc6 Bd6 32. Ne5 gxf4 33. Nxf4 Kf6 34. Nfd3 Nd2 35. Kg2 Nc4 36. Nd7+ Ke7 37. N7e5 Ne3+ 38. Kf3 Nc2 39. Nc6+ Kf6 40. Ba4 Bd7 41. Bxc2 Bxc6 42. Bb3 Kg5 43. h3 b5 44. h4+ Kf6 45. Nf4 Bxf4 46. Kxf4 b4 47. axb4 axb4 48. Bc2 Bd7 49. Bd3 Be6 50. Ba6 Bd7 51. Bd3 Be6 52. Bb5 Bf7 53. Bc6 Be6 54. Bb7 Bf7 55. Bc8 Bg6 56. Bd7 Bh7 0-1


[Site "https://www.chess.com"]

[Event "Titled Tuesday Blitz May 16 Early 2023"]
[White "Titichoca Daza, Daniel"]
[Black "Panesar Vedant"]
[WhiteFideId "3309550"]
[BlackFideId "35033018"]
[WhiteElo "2101"]
[BlackElo "2347"]
[Result "1/2-1/2"]
[Round "01"]
[TimeControl "180+2"]
[Date "2023.05.16"]
[WhiteClock "0:00:02"]
[BlackClock "0:00:16"]

1. e4 e5 2. Nf3 Nc6 3. Bc4 Nf6 4. d3 h6 5. c3 Bc5 6. b4 Bb6 7. a4 a5 8. b5 Ne7 9. Nxe5 d5 10. exd5 Nexd5 11. O-O O-O 12. Ba3 Re8 13. Re1 Be6 14. Qf3 c6 15. d4 Qc7 16. Nd2 Rad8 17. bxc6 bxc6 18. Rac1 Ba7 19. Ba2 Bb8 20. h3 Nd7 21. Ndc4 Nxe5 22. dxe5 Qa7 23. Nd6 Bxd6 24. Bxd6 Rd7 25. Bb1 Rb7 26. Bd3 Rb3 27. Qe4 g6 28. Qh4 Kh7 29. Be4 Nxc3 30. Bxc6 Rc8 31. Bf3 Rb2 32. Qf6 Qxf2+ 33. Kh1 Nd5 34. Bxd5 Rxc1 35. Qxf2 Rxf2 36. Rxc1 Bxd5 37. Rg1 g5 38. Kh2 Kg6 39. Kg3 Rf4 40. Rb1 Rxa4 41. Rb6 Kf5 42. Bc7 h5 43. Rf6+ Ke4 44. h4 gxh4+ 45. Kxh4 Ke3+ 46. Kxh5 Ra2 47. g4 a4 48. g5 Rh2+ 49. Kg4 Be6+ 50. Kg3 Rh1 51. g6 Rg1+ 52. Kh4 Rxg6 53. Rxg6 fxg6 54. Bd6 Kf4 55. Bc7 g5+ 56. Kh5 g4 57. Kg6 g3 58. Kf6 g2 59. Bb6 a3 60. Kxe6 a2 61. Bd4 a1=Q 62. Bxa1 g1=Q 63. Bc3 Qb6+ 64. Kd5 Kf5 65. Bd4 Qe6+ 66. Kc5 Ke4 67. Bg1 Qd5+ 68. Kb4 Kxe5 69. Kc3 Ke4 70. Bf2 Qd2+ 71. Kxd2 1/2-1/2


[Site "https://www.chess.com"]

[Event "Titled Tuesday Blitz May 16 Early 2023"]
[White "Bocharov, Dmitry"]
[Black "Avazkhonov, Alikhon"]
[WhiteFideId "4138716"]
[BlackFideId "14208504"]
[WhiteElo "2469"]
[BlackElo "1739"]
[Result "1-0"]
[Round "01"]
[TimeControl "180+2"]
[Date "2023.05.16"]
[WhiteClock "0:02:26"]
[BlackClock "0:00:38"]

1. c4 e5 2. g3 d6 3. Bg2 f5 4. Nc3 Nf6 5. Nf3 Be7 6. O-O O-O 7. d3 Qe8 8. b4 Nc6 9. b5 Nd8 10. a4 a5 11. c5 Ne6 12. cxd6 cxd6 13. Nd2 Rb8 14. Nc4 b6 15. Ba3 Nc5 16. Bxc5 bxc5 17. Nxa5 Bd7 18. Nc6 Bxc6 19. Bxc6 Qh5 20. Nd5 Nxd5 21. Bxd5+ Kh8 22. e3 Qh6 23. a5 f4 24. exf4 exf4 25. a6 Bf6 26. a7 1-0


[Site "https://www.chess.com"]

[Event "Titled Tuesday Blitz May 16 Early 2023"]
[White "Fernandez Garcia, Gumersindo"]
[Black "Csonka, Balazs"]
[WhiteFideId "24516740"]
[BlackFideId "742910"]
[WhiteElo "2093"]
[BlackElo "2404"]
[Result "0-1"]
[Round "01"]
[TimeControl "180+2"]
[Date "2023.05.16"]
[WhiteClock "0:00:42"]
[BlackClock "0:01:41"]

1. d4 Nf6 2. c4 g6 3. Nc3 Bg7 4. e4 O-O 5. Be2 d6 6. Be3 c5 7. d5 e6 8. Nf3 exd5 9. cxd5 b5 10. Bxb5 Nxe4 11. Nxe4 Qa5+ 12. Nfd2 Qxb5 13. Nxd6 Qxb2 14. Rc1 Qxa2 15. Rxc5 Ba6 16. Nb5 Nd7 17. Rc2 Qxd5 18. Nc7 Qxg2 19. Qf3 Qxf3 20. Nxf3 Rac8 21. Kd2 Bb7 22. Ke2 Be4 23. Rc4 Bxf3+ 0-1


[Site "https://www.chess.com"]

[Event "Titled Tuesday Blitz May 16 Early 2023"]
[White "Vakhlamov, Igor L."]
[Black "Mazurkiewicz, Michal"]
[WhiteFideId "24126748"]
[BlackFideId "1124943"]
[WhiteElo "2407"]
[BlackElo "2054"]
[Result "1-0"]
[Round "01"]
[TimeControl "180+2"]
[Date "2023.05.16"]
[WhiteClock "0:00:08"]
[BlackClock "0:00:03"]

1. e4 d6 2. d4 Nf6 3. Bd3 c5 4. c3 Nc6 5. Ne2 e6 6. O-O cxd4 7. cxd4 Be7 8. Nbc3 O-O 9. h3 a6 10. a3 b5 11. Bf4 e5 12. Be3 Bd7 13. d5 Na5 14. Ng3 Rc8 15. a4 Nc4 16. Bxc4 Rxc4 17. axb5 axb5 18. Qb3 Qb8 19. Ra7 Rfc8 20. Rfa1 b4 21. Ra8 Qc7 22. R1a7 Qd8 23. Bb6 bxc3 24. Bxd8 c2 25. Ra1 c1=Q+ 26. Rxc1 Rxc1+ 27. Kh2 Bxd8 28. Rxc8 Rxc8 29. Qb7 h5 30. b4 h4 31. Nf5 Bxf5 32. exf5 Rc7 33. Qa8 Rd7 34. b5 Kh7 35. Qc6 Rc7 36. Qxd6 Rd7 37. Qb4 Nxd5 38. Qc5 e4 39. Qc6 Bc7+ 40. Kg1 Rd6 41. Qc4 e3 42. fxe3 Bb6 43. Qxh4+ Kg8 44. Qe4 Nxe3 45. Kh2 Rd2 46. Qe8+ Kh7 47. Qxf7 Rxg2+ 48. Kh1 Rg5 49. f6 Nf5 50. fxg7 Nxg7 51. Qb7 Bc5 52. b6 Kh6 53. Qc6+ Kh5 54. b7 Nf5 55. Qf3+ Kh6 56. b8=Q Rg1+ 57. Kh2 Nh4 58. Qff4+ Rg5 59. Qxh4+ Kg6 60. Qe4+ Kh6 61. Qh8# 1-0


[Site "https://www.chess.com"]

[Event "Titled Tuesday Blitz May 16 Early 2023"]
[White "Rangel, Daniel"]
[Black "Karthik Rajaa"]
[WhiteFideId "2124475"]
[BlackFideId "25035215"]
[WhiteElo "2256"]
[BlackElo "2215"]
[Result "1/2-1/2"]
[Round "01"]
[TimeControl "180+2"]
[Date "2023.05.16"]
[WhiteClock "0:00:05"]
[BlackClock "0:00:07"]

1. c4 Nf6 2. g3 g6 3. Bg2 Bg7 4. Nc3 O-O 5. e3 d6 6. Nge2 Nbd7 7. O-O e5 8. Nd5 c6 9. Nxf6+ Nxf6 10. d4 Bf5 11. b3 h5 12. Ba3 Re8 13. dxe5 dxe5 14. Qxd8 Raxd8 15. Rfd1 Bc2 16. Rxd8 Rxd8 17. Nc3 Bf8 18. Bxf8 Kxf8 19. Kf1 Bf5 20. Rd1 Rxd1+ 21. Nxd1 Ke7 22. Nc3 a5 23. Ke2 Nd7 24. Be4 Be6 25. Bc2 f5 26. f4 e4 27. Kd2 Nc5 28. Ne2 Na6 29. a3 a4 30. Kc3 axb3 31. Bxb3 Nc5 32. Bc2 Kd6 33. Nd4 Bd7 34. h4 Be6 35. Ne2 b6 36. Nd4 Bd7 37. Ne2 Nb7 38. Nd4 c5 39. Ne2 b5 40. cxb5 Bxb5 41. Ng1 Bf1 42. Bb3 Ke7 43. Bc4 Bxc4 44. Kxc4 Kd6 45. Ne2 Kc6 46. Kc3 Kb5 47. Nc1 Nd6 48. Nb3 Nb7 49. a4+ Kc6 50. Kc4 Nd6+ 51. Kc3 Nb7 52. Kc4 Nd6+ 53. Kc3 Nb7 1/2-1/2


[Site "https://www.chess.com"]

[Event "Titled Tuesday Blitz May 16 Early 2023"]
[White "Cherniaiev, Tykhon"]
[Black "merinasian"]
[WhiteFideId "14182360"]
[WhiteElo "2450"]
[BlackElo "2432"]
[Result "1-0"]
[Round "01"]
[TimeControl "180+2"]
[Date "2023.05.16"]
[WhiteClock "0:00:06"]
[BlackClock "0:00:11"]

1. Nf3 Nf6 2. d4 e6 3. c4 b6 4. g3 Bb7 5. Bg2 Bb4+ 6. Bd2 Bxd2+ 7. Nbxd2 O-O 8. O-O d6 9. Qc2 Nbd7 10. Rad1 Qe7 11. Rfe1 c5 12. b3 cxd4 13. Nxd4 Bxg2 14. Kxg2 Rac8 15. N2f3 Nc5 16. Qb2 d5 17. cxd5 Nxd5 18. Ne5 Qb7 19. Kg1 Rfd8 20. Ndf3 f6 21. Nc4 b5 22. Ncd2 e5 23. Nf1 Kh8 24. Rd2 Ne4 25. Rc2 Qb6 26. e3 Nb4 27. Rxc8 Rxc8 28. Rc1 Rxc1 29. Qxc1 Qb7 30. Qa3 Qe7 31. N1d2 Nxd2 32. Nxd2 h6 33. Ne4 f5 34. Nc3 a6 35. Qb2 Nd3 36. Qc2 e4 37. Nd5 Qb7 38. Nf4 Ne5 39. Qc5 Nf3+ 40. Kg2 Qf7 41. Qc6 b4 42. Qxa6 Qd7 43. Ng6+ Kg8 44. Qc4+ Qf7 45. Qc8+ Kh7 46. Nf8+ Kg8 47. Ne6+ Kh7 48. Nf8+ Kg8 49. Nd7+ Kh7 50. Qd8 Qh5 51. Nf8+ Kg8 52. h4 Ne1+ 53. Kf1 Qf7 54. Ne6+ Kh7 55. Nf8+ Kg8 56. Nd7+ Kh7 57. Kxe1 Qd5 58. Nf8+ Kg8 59. Qxd5+ Kxf8 60. Qxf5+ Ke7 61. Qxe4+ 1-0


[Site "https://www.chess.com"]

[Event "Titled Tuesday Blitz May 16 Early 2023"]
[White "Shubenkova, Veronika"]
[Black "Yanchenko, Roman"]
[WhiteFideId "44124040"]
[BlackFideId "4137329"]
[WhiteElo "2060"]
[BlackElo "2491"]
[Result "0-1"]
[Round "01"]
[TimeControl "180+2"]
[Date "2023.05.16"]
[WhiteClock "0:00:04"]
[BlackClock "0:00:16"]

1. e4 e6 2. d4 d5 3. exd5 exd5 4. Nf3 Nf6 5. c3 c5 6. Bb5+ Nc6 7. O-O c4 8. Bxc6+ bxc6 9. Bg5 Be7 10. Ne5 Bd7 11. Nd2 O-O 12. Qc2 h6 13. Bxf6 Bxf6 14. f4 Qc7 15. Ndf3 Bc8 16. Rae1 Rb8 17. Rf2 c5 18. g4 cxd4 19. cxd4 Bxe5 20. Nxe5 Qb6 21. g5 Re8 22. gxh6 Qxh6 23. Qd2 Bf5 24. Rg2 Rb6 25. Qf2 Rbe6 26. Rg5 Qh7 27. Nf3 Rxe1+ 28. Nxe1 f6 29. Rg3 Be4 30. h3 Qf5 31. Kh2 Re7 32. Rg4 Qh5 33. Qe3 Kf8 34. Qa3 Bf5 35. Rg2 Bxh3 36. Rxg7 Qe2+ 37. Rg2 Bxg2 38. Nxg2 Qh5+ 39. Kg3 Qg6+ 40. Kf2 Qc2+ 41. Kg1 Qd1+ 42. Kh2 Qxd4 43. Qd6 Kf7 44. Qb8 Re2 45. Qb7+ Kg6 46. f5+ Kxf5 47. Qc8+ Ke4 48. Qg4+ Kd3 49. Qf3+ Qe3 50. Qxd5+ Kc2 51. Qxc4+ Kb1 52. Qg4 Qe5+ 53. Kh3 Qe6 54. Qxe6 Rxe6 55. Kg4 Kxb2 56. Kf5 Rb6 57. Ne3 Kxa2 58. Nc4 Kb3 59. Nxb6 axb6 60. Kxf6 Kc3 61. Ke5 b5 62. Kd5 b4 0-1


[Site "https://www.chess.com"]

[Event "Titled Tuesday Blitz May 16 Early 2023"]
[White "Sieciechowicz, Marcin"]
[Black "Dudzinski, Pawel"]
[WhiteFideId "1130170"]
[BlackFideId "1117890"]
[WhiteElo "2302"]
[BlackElo "2099"]
[Result "1-0"]
[Round "01"]
[TimeControl "180+2"]
[Date "2023.05.16"]
[WhiteClock "0:01:04"]
[BlackClock "0:00:43"]

1. d4 d5 2. c4 c6 3. Nf3 e6 4. Nc3 f5 5. Bf4 Nf6 6. e3 Be7 7. h3 O-O 8. Be2 Ne4 9. Qc2 Bd7 10. Ne5 Be8 11. Bh2 Nd7 12. Rc1 Nxe5 13. Bxe5 Bd6 14. Bxd6 Qxd6 15. O-O Bg6 16. f4 Ng3 17. Rfe1 Bh5 18. Bxh5 Nxh5 19. a3 Ng3 20. c5 Qe7 21. b4 a6 22. a4 Rf6 23. b5 axb5 24. axb5 Rg6 25. Ra1 Rxa1 26. Rxa1 h6 27. b6 Qh4 28. Qf2 Qh5 29. Kh2 Ne4 30. Nxe4 fxe4 31. Ra7 Rf6 32. Rxb7 Rf8 33. Qg3 Rf7 34. Rb8+ Kh7 35. Qg4 Qxg4 36. hxg4 g5 37. fxg5 Rf1 38. gxh6 Kxh6 39. b7 Rb1 40. Rh8+ Kg5 41. b8=Q Rxb8 42. Rxb8 e5 43. dxe5 d4 44. exd4 e3 45. Kg3 e2 46. Kf2 e1=Q+ 47. Kxe1 1-0


[Site "https://www.chess.com"]

[Event "Titled Tuesday Blitz May 16 Early 2023"]
[White "Grossboss19"]
[Black "Oganian, Miran"]
[BlackFideId "4122488"]
[WhiteElo "2422"]
[BlackElo "2323"]
[Result "1-0"]
[Round "01"]
[TimeControl "180+2"]
[Date "2023.05.16"]
[WhiteClock "0:01:06"]
[BlackClock "0:00:02"]

1. e4 e6 2. d3 d5 3. Nd2 Nf6 4. Ngf3 b6 5. c3 Bb7 6. Qc2 c5 7. g3 Nc6 8. Bg2 Be7 9. O-O O-O 10. Re1 Rc8 11. Nf1 Qc7 12. Bf4 Qd7 13. e5 Ne8 14. h4 h6 15. N1h2 Nc7 16. Ng4 Qd8 17. Qd2 h5 18. Ngh2 Re8 19. Bg5 Bxg5 20. Nxg5 Qe7 21. Qd1 g6 22. g4 Kg7 23. gxh5 Rh8 24. hxg6 fxg6 25. Qg4 Rcf8 26. Re3 Rf5 27. Rae1 Nd8 28. Nf1 Nf7 29. Ng3 Nxg5 30. Nxf5+ gxf5 31. Qxg5+ Qxg5 32. hxg5 Kg6 33. f4 Ne8 34. Kf2 Ng7 35. Rh3 Rd8 36. Rh6+ Kf7 37. Reh1 Ba6 38. Rf6+ Kg8 39. Rfh6 Kf7 40. Bf1 d4 41. c4 b5 42. g6+ Ke7 43. Rh7 Rg8 44. Rh8 Rxh8 45. Rxh8 bxc4 46. dxc4 Bb5 47. cxb5 1-0


[Site "https://www.chess.com"]

[Event "Titled Tuesday Blitz May 16 Early 2023"]
[White "Postny, Evgeny"]
[Black "Mika, Tomasz"]
[WhiteFideId "2804344"]
[BlackFideId "1132970"]
[WhiteElo "2504"]
[BlackElo "2179"]
[Result "1/2-1/2"]
[Round "01"]
[TimeControl "180+2"]
[Date "2023.05.16"]
[WhiteClock "0:00:02"]
[BlackClock "0:00:08"]

1. e4 c6 2. Nc3 d5 3. Nf3 Bg4 4. h3 Bxf3 5. Qxf3 e6 6. d3 Nf6 7. a3 dxe4 8. dxe4 Qc7 9. g3 Nbd7 10. Bg2 Be7 11. O-O O-O 12. Qe2 Rfd8 13. f4 e5 14. f5 b5 15. g4 Ne8 16. g5 f6 17. h4 a5 18. Qh5 Bf8 19. Kh1 Nb6 20. Rg1 b4 21. axb4 axb4 22. Rxa8 Rxa8 23. Ne2 Nc4 24. Qf3 Kh8 25. Qb3 Nb6 26. h5 fxg5 27. Bxg5 h6 28. Be3 c5 29. Qe6 Qd6 30. Bh3 Qxe6 31. fxe6 Nf6 32. Rg6 Be7 33. Ng3 Nc4 34. Bg1 Nd6 35. Nf5 Nxf5 36. exf5 Nxh5 37. Bg2 Rd8 38. Rg4 Nf4 39. Be3 Rd1+ 40. Kh2 c4 41. Be4 Re1 42. Rg3 Bd6 43. Bc6 Kg8 44. Bxf4 exf4 45. Rf3 Re3 46. Kg2 Rxf3 47. Kxf3 Kf8 48. Bd5 c3 49. bxc3 bxc3 50. Kg4 Ke7 51. Kh5 Kf6 52. Be4 Be5 53. Kg4 Bd6 54. Bf3 Bc7 55. Be4 Bd6 56. Bd3 Bc7 57. Be4 Be5 58. Bd3 g6 59. fxg6 Kxe6 60. Kh5 Bg7 61. Kg4 Ke5 62. Kf3 Bf6 63. Kg4 Bg7 64. Kf3 h5 65. Kg2 Kf6 66. Kf3 Kg5 67. Be4 Bf6 68. Bd3 h4 69. Kg2 Kg4 70. Be2+ Kg5 71. Bd3 Be5 72. Be4 Kf6 73. Kh3 Kg5 74. Kg2 Bf6 75. Bd3 1/2-1/2


[Site "https://www.chess.com"]

[Event "Titled Tuesday Blitz May 16 Early 2023"]
[White "Pasti, Aron"]
[Black "Gunina, Valentina"]
[WhiteFideId "785857"]
[BlackFideId "4167570"]
[WhiteElo "2173"]
[BlackElo "2352"]
[Result "0-1"]
[Round "01"]
[TimeControl "180+2"]
[Date "2023.05.16"]
[WhiteClock "0:00:33"]
[BlackClock "0:01:27"]

1. e4 c6 2. d4 d5 3. Nc3 dxe4 4. Nxe4 Nf6 5. Nxf6+ exf6 6. c3 Bd6 7. Bd3 O-O 8. Ne2 Re8 9. O-O Nd7 10. Ng3 Nf8 11. Nf5 Bc7 12. f4 Bxf5 13. Bxf5 Qd5 14. Bc2 Rad8 15. Bb3 Qd6 16. Qf3 f5 17. Be3 Nd7 18. Bf2 Nf6 19. Bh4 Rd7 20. Bxf6 Qxf6 21. Rae1 Rde7 22. Rxe7 Qxe7 23. g3 g6 24. Bc4 b5 25. Bd3 Qd7 26. Rf2 Bb6 27. Re2 Rd8 28. Bc2 b4 29. Kg2 bxc3 30. bxc3 Qd6 31. Bb3 c5 32. Qb7 Rd7 33. Qc8+ Kg7 34. Re5 Rc7 35. Re8 Rxc8 0-1


[Site "https://www.chess.com"]

[Event "Titled Tuesday Blitz May 16 Early 2023"]
[White "Di Benedetto, Edoardo"]
[Black "Koepke, Christian"]
[WhiteFideId "875740"]
[BlackFideId "4655737"]
[WhiteElo "2296"]
[BlackElo "2204"]
[Result "1-0"]
[Round "01"]
[TimeControl "180+2"]
[Date "2023.05.16"]
[WhiteClock "0:00:21"]
[BlackClock "0:00:00"]

1. d4 d5 2. c4 e5 3. cxd5 Qxd5 4. dxe5 Qxd1+ 5. Kxd1 Nc6 6. Nf3 Bf5 7. a3 O-O-O+ 8. Nbd2 Nge7 9. Ke1 Ng6 10. e4 Be6 11. Bc4 Ngxe5 12. Bxe6+ fxe6 13. Nxe5 Nxe5 14. Ke2 Bc5 15. Nb3 Bb6 16. Bg5 Rd3 17. Nd2 Rd7 18. Rad1 Nd3 19. Nc4 Nc5 20. Rxd7 Kxd7 21. Rd1+ Kc8 22. f3 Nd7 23. b4 e5 24. Be3 Bxe3 25. Nxe3 c6 26. Nf5 Nb6 27. Nd6+ Kc7 28. Nf5 g6 29. Ne3 Re8 30. Ng4 h5 31. Ne3 Na4 32. Rd3 Re7 33. Nc4 b5 34. Nd2 Nb6 35. Nb3 Nc4 36. Nc5 Kb6 37. Rd8 Kc7 38. Ra8 Kb6 39. Rb8+ Kc7 40. Rb7+ Kd6 41. Rxe7 Kxe7 42. a4 bxa4 43. Nxa4 Nb6 44. Nc3 Kd6 45. Kd3 Nd7 46. Kc4 a6 47. Na4 Nf6 48. Nc5 h4 49. Nxa6 Nh5 50. Nc5 Nf4 51. g3 hxg3 52. hxg3 Ne2 53. Nb7+ Kc7 54. Na5 Nxg3 55. Kc5 Ne2 56. Nxc6 g5 57. Nxe5 Nc1 58. Kd4 Nb3+ 59. Ke3 Kd6 60. Nf7+ 1-0


[Site "https://www.chess.com"]

[Event "Titled Tuesday Blitz May 16 Early 2023"]
[White "Vovk, Orest"]
[Black "Preotu, Razvan"]
[WhiteFideId "14113490"]
[BlackFideId "2613280"]
[WhiteElo "2215"]
[BlackElo "2407"]
[Result "0-1"]
[Round "01"]
[TimeControl "180+2"]
[Date "2023.05.16"]
[WhiteClock "0:00:00"]
[BlackClock "0:00:07"]

1. h4 e5 2. h5 d5 3. h6 Nxh6 4. d4 Ng4 5. f3 Nf6 6. dxe5 Ng8 7. e4 Bc5 8. Qxd5 Qe7 9. Nc3 c6 10. Qd2 Qxe5 11. Qg5 Nd7 12. Qxe5+ Nxe5 13. Bf4 Ng6 14. Bg3 h5 15. Bf2 Bxf2+ 16. Kxf2 Be6 17. Rd1 h4 18. Nge2 Nf6 19. Nd4 O-O-O 20. Nxe6 Rxd1 21. Nxd1 fxe6 22. Bc4 Kd7 23. Ne3 Ne5 24. Bb3 g5 25. Nc4 Nxc4 26. Bxc4 Ke7 27. e5 Nd7 28. Re1 Rf8 29. Bd3 Rf4 30. g3 hxg3+ 31. Kxg3 Ra4 32. a3 Rd4 33. Rh1 Nxe5 34. Rh7+ Kd6 35. Rxb7 Nxd3 36. cxd3 Rxd3 37. Rxa7 Rb3 38. Rg7 Rxb2 39. Rxg5 c5 40. Rg8 c4 41. Rc8 Kd5 42. a4 Ra2 43. Rd8+ Kc5 44. Rc8+ Kb4 45. Re8 Re2 46. Rc8 c3 47. a5 Ra2 48. Rb8+ Kc4 49. Rc8+ Kd3 50. Rd8+ Ke3 51. Re8 Rxa5 52. Rxe6+ Kd4 53. Re1 c2 54. f4 Kd3 55. Rc1 Kd2 56. Rxc2+ Kxc2 57. Kg4 Kd3 58. f5 Ke4 59. f6 Ra7 60. Kg5 Ke5 61. Kg6 Ke6 0-1


[Site "https://www.chess.com"]

[Event "Titled Tuesday Blitz May 16 Early 2023"]
[White "Badmatsyrenov, Oleg"]
[Black "Pandey Srishti"]
[WhiteFideId "24115762"]
[BlackFideId "35093290"]
[WhiteElo "2396"]
[BlackElo "2123"]
[Result "1-0"]
[Round "01"]
[TimeControl "180+2"]
[Date "2023.05.16"]
[WhiteClock "0:01:18"]
[BlackClock "0:02:13"]

1. e4 e5 2. Nc3 Nf6 3. f4 d5 4. Qe2 exf4 5. d4 dxe4 6. Nxe4 Nxe4 7. Qxe4+ Qe7 8. Qxe7+ Bxe7 9. Bxf4 Kd8 10. Bc4 Bf6 11. Bxf7 Ke7 12. Bb3 Bxd4 13. O-O-O Bb6 14. Bg5+ 1-0


[Site "https://www.chess.com"]

[Event "Titled Tuesday Blitz May 16 Early 2023"]
[White "Rottenwohrer Suarez, Juan"]
[Black "Harshavardhan G B"]
[WhiteFideId "32068182"]
[BlackFideId "25059009"]
[WhiteElo "2174"]
[BlackElo "2323"]
[Result "1-0"]
[Round "01"]
[TimeControl "180+2"]
[Date "2023.05.16"]
[WhiteClock "0:00:03"]
[BlackClock "0:00:01"]

1. Nf3 Nf6 2. g3 g6 3. Bg2 Bg7 4. O-O O-O 5. d3 d6 6. e4 e5 7. Nc3 c5 8. Bg5 h6 9. Bxf6 Bxf6 10. Nd2 Bg7 11. a4 Nc6 12. Nc4 Be6 13. Ne3 f5 14. exf5 gxf5 15. Bd5 Bxd5 16. Ncxd5 f4 17. Nc4 Qg5 18. Nxd6 Rad8 19. Ne4 Qf5 20. c4 f3 21. Kh1 Qh3 22. Rg1 Nd4 23. Nec3 h5 24. Qf1 Qe6 25. Re1 Kh8 26. Re4 Bh6 27. Rh4 Qg6 28. Qh3 Ne2 29. Rxh5 Kh7 30. Re1 Nxc3 31. bxc3 Rde8 32. Re4 Re6 33. Rxh6+ Qxh6 34. Rh4 Qxh4 35. Qxh4+ Rh6 36. Qe7+ Kg8 37. h4 a6 38. Qxe5 Kh7 39. Qe7+ Kg8 40. Kh2 Rg6 41. Qxc5 Re6 42. Qc7 Re2 43. Kg1 Rf7 44. Qd8+ Kh7 45. Qg5 Re1+ 46. Kh2 Re2 47. Nf6+ Rxf6 48. Qxf6 Rxf2+ 49. Kh3 Rf1 50. Qf7+ Kh8 51. Kg4 f2 52. h5 Rh1 53. Qxf2 b5 54. Qf6+ Kh7 55. Qg6+ Kh8 56. Qf6+ Kg8 57. cxb5 axb5 58. axb5 Re1 59. Qg6+ Kh8 60. Qe4 Rb1 61. c4 Rf1 62. h6 Rf8 63. Qe5+ 1-0


[Site "https://www.chess.com"]